 Dungeon Crawl Stone Soup version 0.28.0-43-g3370ac3207 (console) character file.

Game seed: 14246412188163714233

108885 Zeor the Sorcerer (level 16, -12/83 (93) HPs)
             Began as a Deep Elf Arcane Marksman on Mar 27, 2022.
             Was a High Priest of Sif Muna.
             Killed from afar by a jorogumo (45 damage)
             ... with a bolt of negative energy
             ... on level 1 of the Spider Nest on Mar 28, 2022.
             The game lasted 03:21:46 (30888 turns).

Zeor the Sorcerer (Deep Elf Arcane Marksman)       Turns: 30888, Time: 03:21:48

HP:   -12/83 (93)   AC: 15    Str: 13    XL:     16   Next: 3%
MP:   31/43         EV: 25    Int: 27    God:    Sif Muna [*****.]
Gold: 958           SH:  0    Dex: 23    Spells: 23/58 levels left

rFire   . . .      SeeInvis +   a - +8 longbow "Zephyr" {speed, Dex+3 SInv}
rCold   . . .      Faith    .   (shield currently unavailable)
rNeg    . . .      Spirit   .   Y - +4 troll leather armour of the Hanged Man {Regen+ Str+6 Slay+3}
rPois   +          Reflect  .   G - +1 hat
rElec   .          Harm     .   M - +1 cloak {rPois}
rCorr   +          Rampage  .   s - +1 Delatra's gloves {ID++}
Will    ++...                   h - +0 pair of boots
Stlth   ++........              g - amulet "Vinorr" {Will+ Regen+ rCorr Dex+5}
HPRegen 1.83/turn               j - +4 ring of slaying
MPRegen 0.28/turn               R - ring of see invisible

@: lethally poisoned (-12 -> -12), slowed, heavily drained, very slow
A: no striking features
a: Renounce Religion, Channel Magic, Forget Spell, Divine Exegesis


You were on level 1 of the Spider Nest.
You worshipped Sif Muna.
Sif Muna was extremely pleased with you.
You visited 5 branches of the dungeon, and saw 25 of its levels.
You also visited: Gauntlet.

You collected 2481 gold pieces.
You spent 1523 gold pieces at shops.

Inventory:

Hand Weapons
 a - the +8 longbow "Zephyr" (weapon) {speed, Dex+3 SInv}
   (You acquired it on level 2 of the Dungeon)

   Attacks with this weapon are significantly faster.
   Dex:       It affects your dexterity (+3).
   SInv:      It lets you see invisible.
 b - a +1 whip of electrocution
 n - the +5 shortbow "Mevagan" {venom, rC+ Will+ SInv}
   (You acquired it on level 3 of the Dungeon)

   Any ammunition fired from it poisons the flesh of those it strikes.
   rC:        It protects you from cold.
   SInv:      It lets you see invisible.
   Will:      It increases your willpower.
 v - a +1 longbow of flaming
 K - a +2 dagger of venom
Missiles
 d - 4 throwing nets
 e - 145 bolts
 i - 130 arrows (quivered ammo)
Armour
 h - a +0 pair of boots (worn)
 s - the +1 Delatra's gloves (worn) {ID++}
   (You found it on level 4 of the Dungeon)

   It heals its wearer when they drink unknown potions.
   It restores its wearer's MP when they read unknown scrolls.
 G - a +1 hat (worn)
 L - a +2 cloak
 M - a +1 cloak of poison resistance (worn)
 Y - the +4 troll leather armour of the Hanged Man (worn) {Regen+ Str+6 Slay+3}
   (You bought it in a shop on level 2 of the Orcish Mines)

   Str:       It affects your strength (+6).
   Slay:      It affects your accuracy & damage with ranged weapons and melee
   (+3).
   Regen:     It increases your rate of health regeneration.
Magical Staves
 A - a staff of poison
 B - a staff of fire
Jewellery
 g - the amulet "Vinorr" (around neck) {Will+ Regen+ rCorr Dex+5}
   (You acquired it on level 2 of the Dungeon)

   [amulet of regeneration]

   Dex:       It affects your dexterity (+5).
   Regen:     It increases your rate of health regeneration.
   rCorr:     It protects you from acid and corrosion.
   Will:      It increases your willpower.
 j - a +4 ring of slaying (left hand)
 l - a ring of fire
 o - a ring of fire
 z - a ring of willpower
 R - a ring of see invisible (right hand)
 U - an amulet of reflection
 V - the amulet "Piyn" {RegenMP Fly}
   (You acquired it on level 13 of the Dungeon)

   [amulet of magic regeneration]

   It increases your rate of magic regeneration.
   Fly:       It grants you flight.
Wands
 u - a wand of iceblast (19)
 y - a wand of digging (5)
 C - a wand of flame (38)
 P - a wand of polymorph (5)
 S - a wand of acid (2)
Scrolls
 m - 7 scrolls of teleportation
 p - 5 scrolls of magic mapping
 t - 6 scrolls of fog
 w - 2 scrolls of fear
 D - 2 scrolls of blinking
 E - 4 scrolls of vulnerability
 H - 7 scrolls of enchant weapon
 J - a scroll of amnesia
 T - 3 scrolls of identify
 W - a scroll of holy word
Potions
 c - 6 potions of flight
 f - 10 potions of curing
 k - a potion of heal wounds
 q - 4 potions of haste
 r - a potion of berserk rage
 x - 3 potions of might
 I - 3 potions of brilliance
 N - 2 potions of cancellation
 Q - 2 potions of magic


   Skills:
 - Level 8.1 Fighting
 - Level 2.0 Short Blades
 - Level 11.6 Bows
 + Level 3.4 Armour
 + Level 16.1 Dodging
 - Level 2.0 Stealth
 * Level 21.9 Spellcasting
 + Level 0.9 Conjurations
 * Level 13.3 Hexes
 + Level 2.0 Summonings
 + Level 4.2 Translocations
 + Level 1.1 Transmutations
 - Level 3.0 Fire Magic
 + Level 6.4 Ice Magic
 + Level 1.9 Earth Magic
 * Level 11.1 Invocations


You had 23 spell levels left.
You knew the following spells:

 Your Spells              Type           Power      Damage    Failure   Level
a - Slow                  Hex            100%       N/A       0%          1
b - Inner Flame           Hex/Fire       65%        N/A       1%          3
c - Portal Projectile     Hex/Tloc       100%       N/A       1%          3
d - Cause Fear            Hex            40%        N/A       1%          4
e - Ozocubu's Armour      Ice            59%        N/A       1%          3
f - Blink                 Tloc           100%       N/A       1%          2
g - Flame Wave            Conj/Fire      40%        2d9       7%          4
h - Petrify               Tmut/Erth      37%        N/A       9%          4
i - Call Canine Familiar  Summ           40%        N/A       1%          3
j - Discord               Hex            40%        N/A       41%         8

Your spell library contained the following spells:

 Spells                   Type           Power      Damage    Failure   Level
 Animate Skeleton         Necr           58%        N/A       1%          1
 Beastly Appendage        Tmut           70%        N/A       1%          1
 Pain                     Necr           100%       1d9       1%          1
 Summon Small Mammal      Summ           100%       N/A       1%          1
 Scorch                   Fire           90%        2d10      1%          2
 Dazzling Flash           Conj/Hex       100%       N/A       1%          3
 Lesser Beckoning         Tloc           51%        N/A       1%          3
 Sublimation of Blood     Necr           29%        N/A       2%          2
 Ignite Poison            Fire/Tmut/Pois 37%        N/A       2%          3
 Spider Form              Tmut/Pois      32%        N/A       3%          3
 Vampiric Draining        Necr           29%        2d8       4%          3
 Manifold Assault         Tloc           51%        N/A       8%          5
 Fireball                 Conj/Fire      20%        3d10      19%         5
 Blade Hands              Tmut           17%        N/A       26%         5
 Irradiate                Conj/Tmut      17%        3d19      28%         5
 Iskenderun's Battlesphe  Conj           34%        2d9       30%         5
 Alistair's Intoxication  Tmut/Pois      21%        N/A       34%         5
 Dispersal                Tloc           25%        N/A       38%         6
 Agony                    Necr           29%        N/A       41%         5
 Excruciating Wounds      Necr           14%        N/A       41%         5
 Simulacrum               Ice/Necr       23%        N/A       54%         6
 Ozocubu's Refrigeration  Ice            29%        4d10      67%         7
 Summon Cactus Giant      Summ           20%        N/A       71%         6
 Iron Shot                Conj/Erth      18%        9d4       78%         6
 Eringya's Noxious Bog    Tmut/Pois      16%        N/A       88%         6
 Conjure Ball Lightning   Conj/Air       16%        3x3d6     89%         6
 Death Channel            Necr           14%        N/A       94%         6
 Dragon Form              Tmut           17%        N/A       100%        7
 Orb of Destruction       Conj           17%        9d7       100%        7


Dungeon Overview and Level Annotations

Branches:
Dungeon (15/15)            Temple (1/1) D:4            Lair (6/6) D:11
  Swamp (0/4) Lair:2       Spider (1/4) Lair:4        Slime (0/5) Lair:5
    Orc (2/2) D:10            Elf (0/3) Orc:2        Vaults (0/5) D:13
 Depths (0/4) D:15        Gauntlet (visited)

Altars:
Ashenzari
Cheibriados
Dithmenos
Elyvilon
Fedhas
Gozag
Hepliaklqana
Kikubaaqudgha
Makhleb
Nemelex Xobeh
Okawaru
Qazlal
Ru
Sif Muna
Trog
Uskayaw
Vehumet
Wu Jian
Xom
Yredelemnul
Zin
The Shining One
Beogh
Jiyva

Shops:
D:1 (   D:2 *   D:7 *   Orc:1 =   Orc:2 (*[[(=?[=

Annotations:
D:12 exclusion: statue
D:14 3 runed translucent doors, crimpus's ghost, journeyman MfBe
Lair:1 exclusion: door
Lair:2 exclusion: oklob plant
Lair:5 exclusion: oklob plant


Message History

You magically shoot an arrow.
The arrow hits the jorogumo!!
The jorogumo is heavily wounded.
The jorogumo hits you.
You are poisoned.
You suddenly lose the ability to move!
You feel very sick. The jorogumo barely misses you.
Being near the torpor snail leaves you feeling lethargic.
You feel very sick.
The jorogumo hits you but does no damage.
You feel very sick. The jorogumo casts a spell at you.
The stream of webbing hits you but does no damage.
You are caught in a web!
The jorogumo stares at you and mumbles some strange words.
The stream of webbing hits you but does no damage.
You are even more entangled.
You can move again.
You cannot shoot with your longbow "Zephyr" while caught in a web.
The web tears apart.
You are no longer teleporting projectiles to their destination.
You feel very sick. The jorogumo completely misses you.
You feel very sick.
The jorogumo stares at you and mumbles some strange words.
The stream of webbing hits you but does no damage.
You are caught in a web!
The jorogumo stares at you and mumbles some strange words.
The bolt of negative energy hits you!!
You feel drained.
There is a web, spattered with blood here.
You cannot shoot with your longbow "Zephyr" while caught in a web.
The web tears apart.
You feel sick. The jorogumo hits you.
As you read the scroll of fear, it crumbles to dust.
You assume a fearsome visage.
The torpor snail looks frightened!
The jorogumo resists with some effort.
The culicivora looks frightened!
You feel sick. The jorogumo casts a spell at you.
The bolt of negative energy hits you!!!
You feel drained.
Ouch! That really hurt!
You die... ∙ ^∙?∙∙ ∙∙▒∙∙∙∙ ∙∙∙∙∙∙∙ ▒▒▒ ∙∙∙∙∙∙∙ ∙∙ ∙∙∙∙∙∙w▒∙ ▒▒ ∙∙∙[∙∙∙∙▒▒▒^▒ ▒∙∙∙(§(∙s▒▒▒▒ ∙∙∙∙∙∙▒▒H∙∙▒∙∙▒▒▒ ∙∙∙H∙ ▒e∙∙∙∙▒ ∙▒▒ ∙∙∙∙

▒∙▒∙∙∙▒ ∙∙▒ ∙∙∙
▒▒▒∙∙▒▒▒∙▒ ∙∙
▒∙∙∙▒▒∙∙▒ ▒▒▒▒▒ ∙
▒∙▒∙∙∙∙∙▒ ∙∙∙∙▒
▒▒▒▒▒∙∙▒▒▒▒▒∙∙∙∙∙
▒∙∙∙∙∙∙∙▒∙▒∙∙∙∙∙∙
▒∙∙∙∙∙∙∙∙∙∙∙∙▒∙∙∙
▒∙∙∙∙∙∙∙∙∙∙∙∙∙∙∙∙


You could see a jorogumo, a torpor snail (fleeing) and a culicivora (fleeing).

Vanquished Creatures
  2 orc warlords (Orc:2)
  Nessos (Lair:4)
  Josephine (Lair:5)
  An ettin (Orc:1)
  5 catoblepae
  8 vault guards (D:13)
  4 boulder beetles
  10 hydras
  An ogre mage (D:15)
  3 centaur warriors
  11 two-headed ogres
  12 death yaks
  3 tengu warriors
  An orc high priest (Orc:2)
  Urug (D:10)
  A goliath frog (shapeshifter) (D:15)
  6 skeletal warriors (D:14)
  2 bog bodies (Lair:2)
  2 deep trolls (D:14)
  2 wizards (D:15)
  Pikel (D:8)
  6 orc knights (Orc:2)
  An oklob plant (D:13)
  4 wolf spiders
  3 orc sorcerers
  4 deep elf pyromancers
  7 ugly things
  3 manticores
  7 cyclopes
  Maurice (D:10)
  4 elephants (Lair:6)
  Joseph (D:8)
  5 black mambas
  A torpor snail (Lair:5)
  A gargoyle (D:11)
  An unseen horror (D:11)
  12 cane toads
  Maggie (D:8)
  2 tengu conjurers
  4 rime drakes
  6 komodo dragons
  A polar bear (Lair:4)
  2 hornets (D:13)
  6 meliai (D:15)
  8 trolls
  8 slime creatures
  21 blink frogs
  A dream sheep (shapeshifter) (D:14)
  2 centaur simulacra (D:14)
  A jumping spider (Spider:1)
  3 shadows
  6 wyverns
  52 yaks
  2 steam dragons
  5 wraiths
  6 basilisks
  2 redbacks (Lair:4)
  4 vampire mosquitoes
  A warg (Orc:2)
  A naga (shapeshifter) (D:15)
  21 water moccasins
  39 orc warriors
  3 sky beasts
  2 black bears
  2 necrophages (D:5)
  10 ogres
  8 centaurs
  23 wolves
  A lemure (D:8)
  4 kobold brigands
  2 scorpions
  11 bullfrogs
  A gnoll sergeant (D:12)
  A water moccasin zombie (D:5)
  A wyvern skeleton (D:3)
  12 killer bees (D:9)
  3 wights (D:8)
  An oklob sapling (D:13)
  2 electric eels
  9 howler monkeys
  A centaur zombie (D:6)
  A lava snake (Lair:6)
  8 orc priests
  5 hounds
  3 gnoll shamans
  A jelly (D:7)
  2 bullfrog skeletons (D:5)
  A centaur skeleton (D:7)
  2 iguanas (D:5)
  2 scorpion zombies (D:5)
  Natasha (thrice) (D:3)
  21 orc wizards
  6 hell rats (Lair:2)
  A hound skeleton (D:5)
  12 gnolls
  8 adders
  A white imp (D:5)
  An ufetubus (D:5)
  3 dart slugs
  53 orcs
  11 ball pythons
  3 endoplasms
  2 giant cockroaches
  4 hobgoblins
  8 jackals (D:1)
  2 quokkas
  4 bats
  3 frilled lizards
  2 goblins
  22 kobolds
  8 rats
644 creatures vanquished.

Vanquished Creatures (collateral kills)
  Rupert (D:13)
  3 death yaks (Lair:6)
  2 yaks (Lair:6)
  A vampire mosquito (D:15)
7 creatures vanquished.

Vanquished Creatures (others)
  A demonic plant (Gauntlet)
  69 fungi
  71 plants
141 creatures vanquished.

Grand Total: 792 creatures vanquished

Notes
Turn   | Place    | Note
-------+----------+-------------------------------------------
     0 | D:1      | Zeor the Deep Elf Arcane Marksman began the quest for the
                  | Orb.
     0 | D:1      | Reached XP level 1. HP: 11/11 MP: 5/5
    37 | D:1      | Found a faded altar of an unknown god.
   164 | D:1      | Reached skill level 2 in Spellcasting
   164 | D:1      | Reached XP level 2. HP: 8/16 MP: 7/7
   332 | D:1      | Found Hidghiol's Weapon Boutique.
   847 | D:1      | Reached XP level 3. HP: 16/20 MP: 6/8
  1556 | D:2      | Found Katt's General Store.
  1875 | D:2      | Identified 3 scrolls of acquirement
  1876 | D:2      | Acquired a +0 shortbow of freezing
  1878 | D:2      | Acquired the +8 longbow "Zephyr" {speed, Dex+3 SInv}
  1878 | D:2      | Found the +8 longbow "Zephyr" {speed, Dex+3 SInv}
  1880 | D:2      | Acquired the amulet "Vinorr" {Will+ Regen+ rCorr Dex+5}
  2287 | D:2      | Reached skill level 1 in Fighting
  2378 | D:2      | Reached XP level 4. HP: 25/25 MP: 6/9
  2575 | D:2      | Learned a level 3 spell: Inner Flame
  2579 | D:2      | Learned a level 3 spell: Portal Projectile
  2671 | D:3      | Noticed Natasha
  2673 | D:3      | Killed Natasha
  2715 | D:3      | Noticed Natasha
  2727 | D:3      | Killed Natasha
  2728 | D:3      | Reached XP level 5. HP: 24/30 MP: 7/11
  2827 | D:3      | Acquired the +5 shortbow "Mevagan" {venom, rC+ Will+ SInv}
  2876 | D:3      | Noticed Natasha
  2880 | D:3      | Killed Natasha
  2881 | D:3      | Reached skill level 1 in Short Blades
  2969 | D:3      | Reached skill level 5 in Bows
  2969 | D:3      | Reached skill level 3 in Spellcasting
  3049 | D:3      | Found an opulent altar of Gozag.
  3145 | D:4      | Reached skill level 1 in Stealth
  3145 | D:4      | Reached XP level 6. HP: 35/35 MP: 10/13
  3223 | D:4      | Found a staircase to the Ecumenical Temple.
  3245 | Temple   | Entered the Ecumenical Temple
  3500 | D:4      | Found the +1 Delatra's gloves {ID++}
  3519 | D:4      | Found an ornate altar of the Wu Jian Council.
  3672 | D:4      | Learned a level 4 spell: Cause Fear
  3809 | D:5      | Entered Level 5 of the Dungeon
  3871 | D:5      | Found a hide-covered altar of Uskayaw.
  3946 | D:5      | Reached skill level 4 in Spellcasting
  3946 | D:5      | Reached XP level 7. HP: 40/40 MP: 13/15
  3964 | D:5      | Reached skill level 5 in Hexes
  4024 | D:5      | Found a sparkling altar of Nemelex Xobeh.
  4308 | D:5      | Noticed a yak
  4335 | D:5      | Killed a yak
  4336 | D:5      | Reached skill level 5 in Spellcasting
  4383 | D:5      | Found a shadowy altar of Dithmenos.
  4412 | D:5      | Reached XP level 8. HP: 45/45 MP: 17/17
  4596 | D:5      | Noticed a troll
  4627 | D:5      | Killed a troll
  4628 | D:5      | Reached skill level 10 in Bows
  4628 | D:5      | Reached skill level 6 in Spellcasting
  4751 | D:5      | Identified the +1 ring mail "Misule" {Drain rElec rN+++
                  | Stlth-}
  5076 | D:6      | HP: 2/46 [orc warrior/+0 glaive (8)]
  5319 | D:6      | Reached XP level 9. HP: 52/52 MP: 21/21
  5882 | D:6      | Reached skill level 7 in Spellcasting
  6168 | D:7      | Found an ancient bone altar of Kikubaaqudgha.
  6170 | D:7      | Found a shimmering blue altar of Sif Muna.
  6211 | D:7      | Found a white marble altar of Elyvilon.
  6313 | D:7      | Reached skill level 5 in Dodging
  6478 | D:7      | Found Vaohafep's Gadget Gallery.
  6803 | D:7      | Became a worshipper of Sif Muna the Loreminder
  6907 | D:8      | Reached skill level 1 in Fire Magic
  6951 | D:8      | Noticed Pikel
  6957 | D:8      | Killed Pikel
  6958 | D:8      | Reached skill level 8 in Spellcasting
  7143 | D:8      | Noticed a two-headed ogre
  7155 | D:8      | Killed a two-headed ogre
  7156 | D:8      | Reached skill level 9 in Spellcasting
  7156 | D:8      | Reached XP level 10. HP: 58/58 MP: 22/25
  7356 | D:8      | Noticed Joseph
  7369 | D:8      | Killed Joseph
  7654 | D:8      | Reached skill level 10 in Spellcasting
  7937 | D:8      | Noticed Maggie
  7945 | D:8      | Killed Maggie
  8408 | D:9      | Noticed a two-headed ogre
  8429 | D:9      | Killed a two-headed ogre
  8448 | D:9      | Found a glowing golden altar of the Shining One.
  8453 | D:9      | Found a basalt altar of Yredelemnul.
  8589 | D:9      | Found a broken altar of Ashenzari.
  8606 | D:9      | Reached skill level 11 in Spellcasting
  9292 | D:9      | Reached * piety under Sif Muna
  9293 | D:9      | Reached skill level 10 in Dodging
  9764 | D:9      | Noticed an angel
  9778 | D:10     | Entered Level 10 of the Dungeon
  9854 | D:10     | Reached skill level 12 in Spellcasting
  9959 | D:10     | Found an iron altar of Okawaru.
 10158 | D:10     | Reached XP level 11. HP: 62/62 MP: 19/29
 10396 | D:10     | Reached ** piety under Sif Muna
 10596 | D:10     | Reached skill level 5 in Fighting
 10702 | D:10     | Found a staircase to the Orcish Mines.
 11098 | D:10     | Noticed Maurice
 11111 | D:10     | Killed Maurice
 11353 | D:10     | Noticed Urug
 11359 | D:10     | Killed Urug
 11360 | D:10     | Reached skill level 10 in Hexes
 11847 | D:11     | Reached skill level 1 in Invocations
 11886 | D:11     | Reached skill level 13 in Spellcasting
 11907 | D:11     | Noticed a two-headed ogre
 11916 | D:11     | Killed a two-headed ogre
 11963 | D:11     | Learned a level 3 spell: Ozocubu's Armour
 12134 | D:11     | Acquired a book of Scorching
 12183 | D:11     | Found a staircase to the Lair.
 12221 | D:11     | Noticed an eight-headed hydra
 12241 | D:11     | Killed an eight-headed hydra
 12604 | Lair:1   | Entered Level 1 of the Lair of Beasts
 12790 | Lair:1   | Reached *** piety under Sif Muna
 12850 | Lair:1   | Reached skill level 14 in Spellcasting
 13034 | Lair:1   | Noticed a four-headed hydra
 13602 | Lair:2   | Reached XP level 12. HP: 69/69 MP: 25/32
 13640 | Lair:2   | You fall into a shaft and drop 2 floors!
 13647 | Lair:4   | Found a hole to the Spider Nest.
 13751 | Lair:4   | Reached skill level 1 in Translocations
 14236 | Lair:4   | Noticed Nessos
 14248 | Lair:4   | Reached skill level 15 in Spellcasting
 14248 | Lair:4   | Reached skill level 1 in Ice Magic
 14256 | Lair:4   | Reached skill level 1 in Armour
 14260 | Lair:4   | Killed Nessos
 14422 | Lair:4   | Noticed a death yak
 14422 | Lair:4   | Noticed a death yak
 14522 | Lair:3   | Reached **** piety under Sif Muna
 14839 | Lair:3   | Noticed a six-headed hydra
 14846 | Lair:3   | Killed a six-headed hydra
 14894 | Lair:3   | Reached skill level 5 in Invocations
 15109 | Lair:3   | Reached skill level 16 in Spellcasting
 15486 | Lair:2   | Noticed a five-headed hydra
 15495 | Lair:2   | Killed a five-headed hydra
 15496 | Lair:2   | Reached XP level 13. HP: 75/75 MP: 28/35
 15847 | Lair:2   | Found a staircase to the Swamp.
 16062 | Lair:2   | Found a blossoming altar of Fedhas.
 17213 | Lair:4   | HP: 1/76 [death yak (21)]
 18249 | Lair:5   | Found a staircase to the Slime Pits.
 18249 | Lair:5   | Found a viscous altar of Jiyva.
 18300 | Lair:5   | Reached ***** piety under Sif Muna
 18421 | Lair:5   | Reached skill level 17 in Spellcasting
 18613 | Lair:5   | Reached skill level 15 in Dodging
 18685 | Lair:5   | Noticed Josephine
 18906 | Lair:5   | Killed Josephine
 19300 | Lair:6   | Entered Level 6 of the Lair of Beasts
 19445 | Lair:6   | Received a gift from Sif Muna
 19446 | Lair:6   | Got Sif Muna's Advanced Steps in Thaumaturgy {god gift}
 19504 | Lair:6   | Learned a level 2 spell: Blink
 20195 | Lair:6   | Reached XP level 14. HP: 82/82 MP: 37/37
 20807 | Lair:6   | Reached skill level 18 in Spellcasting
 21735 | D:12     | Found a gate leading to a gauntlet.
 21800 | Gauntlet | Entered a Gauntlet
 21800 | Gauntlet | Found a transporter.
 21800 | Gauntlet | Found a transporter.
 21804 | Gauntlet | Found a transporter.
 21804 | Gauntlet | Found a transporter.
 21814 | Gauntlet | Found a transporter.
 21828 | Gauntlet | Found a transporter.
 21863 | Gauntlet | Found a transporter.
 21882 | Gauntlet | Found a transporter.
 21894 | Gauntlet | Found a transporter.
 21896 | Gauntlet | Found a large runed translucent door.
 21896 | Gauntlet | Found a large runed translucent door.
 21897 | Gauntlet | Found a large runed translucent door.
 21897 | Gauntlet | Found a large runed translucent door.
 21898 | Gauntlet | Found a large runed translucent door.
 21898 | Gauntlet | Found a large runed translucent door.
 21898 | Gauntlet | Found a runed translucent door.
 21898 | Gauntlet | Found a runed translucent door.
 21898 | Gauntlet | Found a large runed translucent door.
 21899 | Gauntlet | Found a large runed translucent door.
 21905 | Gauntlet | Found a large runed translucent door.
 21905 | Gauntlet | Found a large runed translucent door.
 21906 | Gauntlet | Found a large runed translucent door.
 21906 | Gauntlet | Found a large runed translucent door.
 21908 | Gauntlet | Found a large runed translucent door.
 21908 | Gauntlet | Found a large runed translucent door.
 21909 | Gauntlet | Found a runed translucent gate.
 21909 | Gauntlet | Found a runed translucent gate.
 21909 | Gauntlet | Found a runed translucent gate.
 21911 | Gauntlet | Found a transporter.
 21993 | Gauntlet | Found a transporter.
 22007 | Gauntlet | Found a transporter.
 22020 | Gauntlet | Found a transporter.
 22037 | Gauntlet | Found a transporter.
 22448 | D:12     | Found a radiant altar of Vehumet.
 22687 | D:13     | Learned a level 4 spell: Flame Wave
 22692 | D:13     | Learned a level 4 spell: Petrify
 22942 | D:13     | Noticed Rupert
 22954 | D:13     | Killed Rupert
 22955 | D:13     | Reached skill level 19 in Spellcasting
 22959 | D:13     | Reached skill level 1 in Summonings
 23962 | D:13     | Found a gate to the Vaults.
 24277 | D:13     | Acquired the amulet "Piyn" {RegenMP Fly}
 24776 | D:13     | Got the Grimoire of Nature
 24781 | D:13     | Learned a level 3 spell: Call Canine Familiar
 24960 | D:14     | Reached skill level 1 in Earth Magic
 25213 | D:14     | Reached XP level 15. HP: 88/88 MP: 19/40
 25314 | D:14     | Reached skill level 5 in Ice Magic
 25324 | D:14     | Reached skill level 20 in Spellcasting
 25450 | D:14     | Reached skill level 1 in Transmutations
 26451 | D:14     | Reached skill level 10 in Invocations
 26606 | D:14     | Found a runed translucent gate.
 26606 | D:14     | Found a runed translucent gate.
 26606 | D:14     | Noticed crimpus's ghost (journeyman MfBe)
 26607 | D:14     | Found a runed translucent gate.
 26690 | D:15     | Entered Level 15 of the Dungeon
 26941 | D:15     | Noticed a fenstrider witch
 26945 | D:15     | Noticed a frost giant
 26945 | D:15     | a fenstrider witch changed into a frost giant
 26950 | D:15     | Noticed an azure jelly
 26950 | D:15     | a frost giant changed into an azure jelly
 27130 | Orc:1    | Entered Level 1 of the Orcish Mines
 27370 | Orc:1    | Found Tofemof's Jewellery Emporium.
 27720 | Orc:2    | Entered Level 2 of the Orcish Mines
 27720 | Orc:2    | Found Ejanus's Armour Shop.
 27735 | Orc:2    | Found Osanogh's Antique Weapon Shop.
 27751 | Orc:2    | Noticed an orc warlord
 27778 | Orc:2    | Received a gift from Sif Muna
 27779 | Orc:2    | Got Sif Muna's Reference Book on Hexes and Transmigration
                  | {god gift}
 27827 | Orc:2    | Killed an orc warlord
 27963 | Orc:2    | Learned a level 8 spell: Discord
 28043 | Orc:2    | Found Nanevel's Weapon Emporium.
 28082 | Orc:2    | Reached skill level 21 in Spellcasting
 28101 | Orc:2    | Found Pamydoc's Antique Armour Boutique.
 28124 | Orc:2    | Bought an embroidered cloak for 195 gold pieces
 28124 | Orc:2    | Bought a brightly glowing leather armour for 182 gold
                  | pieces
 28124 | Orc:2    | Identified the +0 leather armour "Veun Qanuni" {Str+2} (You
                  | bought it in a shop on level 2 of the Orcish Mines)
 28124 | Orc:2    | Bought a distressingly furry leather armour for 182 gold
                  | pieces
 28124 | Orc:2    | Identified the +1 leather armour "Vyweuf" {Str+5} (You
                  | bought it in a shop on level 2 of the Orcish Mines)
 28340 | Orc:2    | Noticed an orc warlord
 28374 | Orc:2    | Killed an orc warlord
 28628 | Orc:2    | Found a shimmering altar of Xom.
 28696 | Orc:2    | Found Korchul's Antique Armour Shoppe.
 28832 | Orc:2    | Found Mufes's Magic Scroll Boutique.
 28840 | Orc:2    | Bought a scroll of holy word for 112 gold pieces
 28840 | Orc:2    | Bought a scroll of fog for 30 gold pieces
 28840 | Orc:2    | Bought a scroll of fear for 52 gold pieces
 28842 | Orc:2    | Found Sanawio's Jewellery Boutique.
 28858 | Orc:2    | Bought an embroidered robe for 62 gold pieces
 28858 | Orc:2    | Bought a polished troll leather armour for 340 gold pieces
 28858 | Orc:2    | Identified the +4 troll leather armour of the Hanged Man
                  | {Regen+ Str+6 Slay+3} (You bought it in a shop on level 2
                  | of the Orcish Mines)
 28925 | Orc:2    | Found Surijoej's Jewellery Emporium.
 29173 | Orc:2    | Found Doimminn's General Store.
 29176 | Orc:2    | Found a staircase to the Elven Halls.
 29181 | Orc:2    | Bought a potion of curing for 48 gold pieces
 29184 | Orc:2    | Bought a scroll of brand weapon for 320 gold pieces
 29553 | D:15     | an azure jelly changed into a death yak
 30213 | D:15     | Found a staircase to the Depths.
 30281 | D:15     | Reached XP level 16. HP: 62/93 MP: 26/43
 30838 | Spider:1 | Entered Level 1 of the Spider Nest
 30881 | Spider:1 | Paralysed by a jorogumo for 3 turns
 30888 | Spider:1 | Killed from afar by a jorogumo

Illustrated notes

Levels and vault maps discovered:
D:1:      elethiomel_arrival_quiet, layout_basic, shapermc_ecumenical_altar_gd,
          serial_shops, shop, minmay_misc_feat_enclosed,
          nicolae_figureground_sparkle
D:2:      layout_loops_cross, serial_shops, nicolae_shop_hallway_stairs,
          solitary_fountain
D:3:      layout_rooms, grunt_gozag_breadcrumbs, uniq_natasha
D:4:      layout_rooms, mainiacjoe_overflow_alcove_1, minmay_temple_entry_arrows
D:5:      layout_rooms, mainiacjoe_overflow_concentric_impassable,
          nemelex_xobeh_ov_fountains_minmay, eat_drink_and_be_merry_uskayaw,
          minmay_manual_mullet
D:6:      layout_loops_cross, serial_park_tiny_pond, lemuel_flamethrower_2
D:7:      layout_rooms, chequers_temple_overflow_statue_of_worship,
          elyvilon_altar_4, nicolae_shop_gadgets
D:8:      layout_layer_cave, roderic_roman_lattice, uniq_pikel, uniq_joseph,
          uniq_maggie
D:9:      layout_long_grid, ashenzari_conservatory_becter,
          grunt_temple_overflow_holy_war
D:10:     layout_basic, mainiacjoe_overflow_surrounded_room, erik_orc_2,
          grunt_decor_arrowhead, uniq_urug, uniq_maurice
D:11:     layout_roguey, lair_entry_dummy
D:12:     layout_rooms, gauntlet_entry_generic, vehumet_statue
D:13:     layout_cave_pools, erik_vaults_2, serial_co_window_serial,
          co_window_paths_a, co_window_paths_a, co_window_paths_a,
          co_window_paths_a, co_window_paths_a, co_window_corner_ca,
          co_window_corner_b, co_window_cross_2, co_window_broadway_a,
          co_window_paths_d, co_window_4corner_a, glass_columns_a,
          introduction_to_nature_2, uniq_rupert
D:14:     layout_small_grid, gammafunk_ghost_hydra_chop, hex_tiny,
          skrybe_limestone_x, minmay_quadrilaterals
D:15:     hangedman_depths_entry_civil_slaughter, layout_loops_ring,
          nicolae_twisting_strands, dk_noncrumbling_3
Temple:   dpeg_chambers_temple
Lair:1:   layout_long_grid, grunt_forest_large_clearing_hut
Lair:2:   layout_loops_ring, skrybe_swamp_entry_bodies, minivault_19,
          hangedman_tree_tricks, grunt_megastairs_5
Lair:3:   layout_chaotic_city, serial_bayou_pond_c, minivault_27,
          minmay_stone_trees_small, lemuel_fruit_fields, lemuel_fruit_tree,
          grunt_megastairs_3
Lair:4:   layout_cave_pods, spider_nest_entry_webs, minivault_24, uniq_nessos
Lair:5:   layout_misc_corridors, slime_altar_1, serial_bayou_shore_b,
          serial_bayou_shore_b, uniq_josephine
Lair:6:   evilmike_catoblepas_cave, layout_gridlike, serial_bayou_shore_b,
          grunt_megastairs_1, lemuel_fruit_fields
Spider:1: cheibrodos_spider_deadly_dance
Orc:1:    layout_caves, serial_shops, nicolae_square_shop, basic_altar
Orc:2:    grunt_orc_gardens, layout_caves, grunt_orc_garden, grunt_orc_garden,
          grunt_orc_garden, grunt_orc_garden, serial_shops,
          nicolae_shop_bloodbath_and_beyond, nicolae_shop_behind_doors, shop,
          shop, nicolae_shop_hallway_stairs, basic_altar

Skill      XL: |  1  2  3  4  5  6  7  8  9 10 11 12 13 14 15 |
---------------+----------------------------------------------+-----
Bows           | 3 4 5 6 8 10 11 | 11.6
Spellcasting   | 2 3 4 5 6 9 12 14 16 17 19 21 | 21.9
Fighting       | 1 2 3 4 5 6 7 8 |  8.1
Short Blades   | 1 2 |  2.0
Dodging        | 3 4 7 10 11 13 15 16 | 16.1
Stealth        | 1 2 |  2.0
Hexes          | 5 6 7 9 10 11 12 13 | 13.3
Fire Magic     | 1 2 3 |  3.0
Invocations    | 3 6 8 9 11 | 11.1
Translocations | 1 2 3 4 |  4.2
Ice Magic      | 2 3 4 6 |  6.4
Armour         | 1 2 3 |  3.4
Summonings     | 1 2 |  2.0
Earth Magic    | 1 |  1.9
Transmutations | 1 |  1.1
Conjurations   | |  0.9

Action                   |  1- 3 |  4- 6 |  7- 9 | 10-12 | 13-15 | 16-18 || total
-------------------------+-------+-------+-------+-------+-------+-------++-------
Melee: Short sword       |     6 |    12 |    24 |       |       |       ||    42
       Unarmed           |     4 |       |       |       |       |       ||     4
 Fire: Shortbow          |    93 |       |       |       |       |       ||    93
       Longbow           |     2 |    61 |   158 |   511 |  1381 |    24 ||  2137
 Cast: Slow              |    20 |     9 |    34 |   119 |   150 |     4 ||   336
       Inner Flame       |       |       |     7 |    47 |    67 |     1 ||   122
       Portal Projectile |       |       |     2 |    12 |    28 |     1 ||    43
       Cause Fear        |       |       |       |     5 |    29 |     1 ||    35
       Ozocubu's Armour  |       |       |       |    16 |    72 |       ||    88
       Blink             |       |       |       |       |     8 |       ||     8
       Petrify           |       |       |       |       |    10 |       ||    10
       Flame Wave        |       |       |       |       |     4 |       ||     4
       Summon Cactus Gia |       |       |       |       |     2 |       ||     2
       Call Canine Famil |       |       |       |       |     4 |       ||     4
Invok: Divine Exegesis   |       |       |       |       |     2 |       ||     2
       Channel Magic     |       |       |       |       |     4 |       ||     4
Evoke: Wand              |       |       |       |       |     1 |       ||     1
  Use: Scroll            |     6 |     2 |    13 |     9 |    12 |     1 ||    43
       Potion            |     1 |       |     4 |     3 |     1 |       ||     9
 Stab: Sleeping          |     1 |       |       |       |       |       ||     1
Armor: Robe              |     8 |     1 |    10 |     8 |       |       ||    27
       Steam dragon scal |       |       |     8 |       |       |       ||     8
       Leather armour    |       |       |       |    25 |   100 |       ||   125
       Troll leather arm |       |       |       |       |     8 |     4 ||    12
Dodge: Dodged            |    43 |    12 |    25 |   180 |   433 |    26 ||   719
